 Dungeon Crawl Stone Soup version 0.31-a0-188-g5e087ee2ca (webtiles) character file.

Game seed: 10878310750994935964

2126 BrainTurd the Frost Mage (level 9, -6/65 HPs)
             Began as a Vampire Ice Elementalist on June 19, 2023.
             Was a Believer of Jiyva.
             Mangled by a hornet (16 damage)
             ... on level 7 of the Dungeon on June 24, 2023.
             The game lasted 00:43:48 (5919 turns).

BrainTurd the Frost Mage (Vampire Ice Elementalist) Turns: 5919, Time: 00:43:50

Health: -6/65      AC:  2    Str:  7    XL:     9   Next: 8%
Magic:  10/12      EV: 15    Int: 22    God:    Jiyva [**....]
Gold:   304        SH:  0    Dex: 17    Spells: 1/12 levels left

rFire   x . .        t - +4 spear of Vaig {pain, rCorr Dex+3}
rCold   + . .        (no shield)
rNeg    . . .        a - +0 robe
rPois   .            (no helmet)
rElec   .            (no cloak)
rCorr   +            (no gloves)
SInv    +            (no boots)
Will    .....        (no amulet)
Stlth   ++           j - ring of ice
HPRegen 1.46/turn    (no ring)
MPRegen 0.43/turn

%: no passive effects
@: lethally poisoned (-6 -> -6), healing quickly, slowed, very slow
A: alive, fangs 3, see invisible, vampiric 2
a: Exsanguinate, Renounce Religion


You were on level 7 of the Dungeon.
You worshipped Jiyva.
Jiyva was pleased with you.
You visited 1 branch of the dungeon, and saw 7 of its levels.
You also visited: Sewer.

You collected 304 gold pieces.

Inventory:

Hand Weapons
 t - the +4 spear of Vaig (weapon) {pain, rCorr Dex+3}
   (You found it on level 3 of the Dungeon)

   Dex:       It affects your dexterity (+3).
   rCorr:     It protects you from acid and corrosion.
Armour
 a - a +0 robe (worn)
Jewellery
 j - a ring of ice (left hand)
Wands
 e - a wand of charming (2)
Scrolls
 c - 7 scrolls of identify {unknown}
 d - a scroll of fear {unknown}
 g - a scroll of poison {unknown}
 i - a scroll of fog {unknown}
 l - a scroll of teleportation {unknown}
 m - a scroll of immolation {unknown}
 n - a scroll of enchant weapon {unknown}
 p - a scroll of noise {unknown}
 u - a scroll of blinking {unknown}
 w - a scroll of torment {unknown}
Potions
 b - 2 potions of magic
 f - 4 potions of heal wounds {unknown}
 h - a potion of brilliance {unknown}
 k - a potion of lignification {unknown}
 o - 2 potions of invisibility {unknown}
 q - a potion of berserk rage {unknown}
 r - 2 potions of mutation {unknown}
 s - 2 potions of attraction {unknown}
 v - a potion of degeneration {unknown}


   Skills:
 + Level 4.2 Fighting
 + Level 5.7 Dodging
 - Level 3.0 Stealth
 - Level 2.0 Spellcasting
 + Level 10.6 Ice Magic


You had one spell level left.
You knew the following spells:

 Your Spells              Type           Power      Damage    Failure   Level
a - Freeze                Ice            100%       1d10      1%          1
b - Ozocubu's Armour      Ice            65%        N/A       1%          3
c - Frozen Ramparts       Ice            100%       1d16      1%          3
d - Summon Ice Beast      Ice/Summ       38%        N/A       16%         4

Your spell library contained the following spells:

 Spells                   Type           Power      Damage    Failure   Level
 Kiss of Death            Conj/Necr      8%         2d6       14%         1
 Necrotise                Necr           8%         1d4       14%         1
 Sting                    Tmut/Pois      8%         1d3       14%         1
 Poisonous Vapours        Pois/Air       4%         N/A       21%         2
 Confusing Touch          Hex            2%         N/A       38%         3
 Dispel Undead            Necr           2%         3d7       80%         4
 Olgreb's Toxic Radiance  Pois           2%         N/A       80%         4


Dungeon Overview and Level Annotations

Branches:
Dungeon (7/15)             Temple (0/1) D:4           Sewer (visited)

Altars:
Hepliaklqana
Kikubaaqudgha
Okawaru
Qazlal
Ru
Sif Muna
Vehumet

Annotations:
D:6 Pikel


Innate Abilities, Weirdness & Mutations

Your natural rate of healing is accelerated.
You have razor-sharp teeth.
You have supernaturally acute eyesight. (SInv)
You are afflicted with vampirism and can become a bat while bloodless.


Message History

A hornet comes into view.
A hornet is nearby!
The hornet buzzes angrily.
There is a stone staircase leading up here.
There is a stone staircase leading up here.
The hornet barely misses you.
Aiming: Freeze (safe; 1% risk of failure)
Press: ? - help, Q - select action, (/) - cycle Shift-Dir - straight line, f - hornet
Aim: a hornet You feel a surge of power!
You freeze the hornet!
The hornet is moderately wounded.
The hornet stings you!
You are poisoned.
You suddenly lose the ability to move!
You can move again.
Aiming: Freeze (safe; 1% risk of failure)
Press: ? - help, Q - select action, (/) - cycle Shift-Dir - straight line, f/p - hornet
Aim: a hornet (moderately wounded)
You feel a surge of power!
You freeze the hornet.
The hornet is moderately wounded.
You feel very sick. The hornet stings you!
You feel yourself slow down.
A shadow imp comes into view.
The hornet stings you!
You shrug off the repeated paralysis!
Aiming: Freeze (safe; 1% risk of failure)
Press: ? - help, Q - select action, (/) - cycle Shift-Dir - straight line, f/p - hornet
Aim: a hornet (moderately wounded)
You feel a surge of power!
You freeze the hornet.
The hornet is moderately wounded.
The shadow imp shouts!
You feel sick. The hornet closely misses you. The hornet stings you!
* * * LOW HITPOINT WARNING * * *
You feel as though you will be slow longer.
Aiming: Freeze (safe; 1% risk of failure)
Press: ? - help, Q - select action, (/) - cycle Shift-Dir - straight line, f/p - hornet
Aim: a hornet (moderately wounded)
You feel a surge of power!
You freeze the hornet.
The hornet is heavily wounded.
You feel sick. The hornet stings you!
You die...

#..###.#..........#.###_+
#..###.#..........#.###+#
#......##.........#.#
.....................#
........................
#.......?........#.....##
#.....#####....#.#.#.###
..... #....#.....# ...^.
#.@y...5.#.# ....
#.......... #...####.#.
....# # ...... ####..##
#..# #..#


You could see a hornet and a shadow imp.

Vanquished Creatures
  6 yaks (D:6)
  A wyvern (D:7)
  2 centaurs
  2 phantoms (D:6)
  Blork the orc (D:5)
  A bullfrog (D:6)
  5 jellies (Sewer)
  2 hounds (D:6)
  2 orc priests
  2 sleepcaps (D:4)
  3 orc wizards (D:4)
  13 adders
  2 river rats (Sewer)
  A shadow imp (D:6)
  2 worms (D:2)
  2 dart slugs
  14 orcs
  3 bats
  14 endoplasms
  8 giant cockroaches
  3 goblins (D:2)
  7 hobgoblins
  7 jackals
  2 quokkas
  13 ball pythons
  6 frilled lizards
  10 kobolds
  5 rats
139 creatures vanquished.

Vanquished Creatures (others)
  2 jellies (D:6)
  A hound (D:6)
  An endoplasm (D:4)
  A quokka (D:4)
  A ball python (D:4)
6 creatures vanquished.

Grand Total: 145 creatures vanquished

Notes
Turn   | Place    | Note
-------+----------+-------------------------------------------
     0 | D:1      | BrainTurd the Vampire Ice Elementalist began the quest for
                  | the Orb.
     0 | D:1      | Reached XP level 1. HP: 13/13 MP: 3/3
   358 | D:1      | Reached XP level 2. HP: 19/19 MP: 1/5
   358 | D:1      | Upgraded the game from 0.31-a0-177-g4aa6249778 to
                  | 0.31-a0-182-gc5ef74bbde
   358 | D:1      | Upgraded the game from 0.31-a0-182-gc5ef74bbde to
                  | 0.31-a0-187-gba352fbbf7
   470 | D:1      | Found a faded altar of an unknown god.
   876 | D:1      | Gained mutation: You are afflicted with vampirism and can
                  | become a bat while bloodless. [Vampire growth]
   876 | D:1      | Reached XP level 3. HP: 24/24 MP: 4/6
   880 | D:1      | Learned a level 3 spell: Ozocubu's Armour
  1089 | D:2      | Reached skill level 5 in Ice Magic
  1750 | D:2      | Reached XP level 4. HP: 19/30 MP: 4/7
  2421 | D:3      | Reached skill level 6 in Ice Magic
  2512 | D:3      | Reached XP level 5. HP: 16/35 MP: 2/8
  2962 | D:3      | Found a sacrificial altar of Ru.
  2988 | D:3      | Identified the +4 spear of Vaig {pain, rCorr Dex+3}
  3252 | D:4      | Found a glowing drain.
  3337 | D:4      | Learned a level 3 spell: Frozen Ramparts
  3371 | D:4      | Reached skill level 7 in Ice Magic
  3377 | Sewer    | Entered a sewer
  3549 | Sewer    | Reached XP level 6. HP: 35/41 MP: 9/9
  3789 | Sewer    | Reached skill level 8 in Ice Magic
  3866 | Sewer    | Found a viscous altar of Jiyva.
  3890 | Sewer    | Became a worshipper of Jiyva Jypov the Shapeless
  4098 | D:4      | Found a staircase to the Ecumenical Temple.
  4303 | D:4      | Reached XP level 7. HP: 46/46 MP: 6/10
  4368 | D:4      | Found an ancient bone altar of Kikubaaqudgha.
  4383 | D:4      | Got Kikubaaqudgha's Lessons on Unhallowed Acts
  4421 | D:4      | Found a radiant altar of Vehumet.
  4431 | D:4      | Found a shimmering blue altar of Sif Muna.
  4486 | D:4      | Reached * piety under Jiyva
  4593 | D:4      | Reached skill level 9 in Ice Magic
  4632 | D:5      | Entered Level 5 of the Dungeon
  4718 | D:5      | Noticed Blork the orc
  4760 | D:5      | Found an iron altar of Okawaru.
  4785 | D:5      | Killed Blork the orc
  5055 | D:5      | You fall into a shaft and drop 1 floor!
  5094 | D:6      | Reached ** piety under Jiyva
  5191 | D:6      | Found a hazy altar of Hepliaklqana.
  5212 | D:6      | Reached skill level 1 in Fighting
  5444 | D:6      | Reached XP level 8. HP: 44/55 MP: 2/11
  5527 | D:6      | Reached skill level 10 in Ice Magic
  5531 | D:6      | Reached skill level 5 in Dodging
  5563 | D:6      | Reached XP level 9. HP: 50/65 MP: 12/12
  5568 | D:6      | Learned a level 4 spell: Summon Ice Beast
  5568 | D:6      | Upgraded the game from 0.31-a0-187-gba352fbbf7 to
                  | 0.31-a0-188-g5e087ee2ca
  5771 | D:6      | Noticed Pikel
  5891 | D:7      | Found a stormy altar of Qazlal.
  5916 | D:7      | Paralysed by a hornet for 1 turns
  5919 | D:7      | Mangled by a hornet

Illustrated notes

Levels and vault maps discovered:
D:1:      ncdulo_halloftheorcs, layout_loops_ring,
          hellmonk_ecumenical_altar_lost_god
D:2:      layout_basic, minmay_door_square, minmay_distorted
D:3:      layout_basic, nicolae_ru_path_of_blood
D:4:      layout_loops_ring, palyth_temple_overflow_mages,
          minmay_temple_entry_proselytizer, gup_sewer_entry_glass
D:5:      layout_basic, okawaru_trees_1, serial_bayou_lagoon_b,
          uniq_blork_the_orc
D:6:      layout_basic, kennysheep_mini, uniq_pikel
D:7:      layout_loops_ring, grunt_temple_overflow_opulence,
          nicolae_dithmenos_shadow_blocks, lemuel_doored_altar, uniq_duvessa

Skill      XL: |  1  2  3  4  5  6  7  8 |
---------------+-------------------------+-----
Ice Magic      | 5 6 7 8 9 10 | 10.6
Fighting       | 1 4 |  4.2
Dodging        | 3 5 |  5.7
Stealth        | |  3.0
Spellcasting   | |  2.0

Action                     |  1- 3 |  4- 6 |  7- 9 || total
---------------------------+-------+-------+-------++-------
  Melee: Unarmed           |    93 |       |       ||    93
         Bite              |    12 |     8 |    13 ||    33
         Punch             |     2 |     1 |     1 ||     4
         Whip              |     9 |    10 |       ||    19
         Spear             |       |    96 |    92 ||   188
         Short sword       |       |    38 |       ||    38
   Cast: Freeze            |    45 |    36 |    17 ||    98
         Frozen Ramparts   |       |     9 |    14 ||    23
         Ozocubu's Armour  |       |     1 |       ||     1
   Stab: Sleeping          |     5 |     8 |     2 ||    15
         Distracted        |       |     1 |       ||     1
 Armour: Robe              |    18 |    31 |     9 ||    58
  Dodge: Dodged            |    71 |    79 |    55 ||   205

Table legend: (Time is in decaauts)
 A = Elapsed time spent in this place.
 B = Non-inter-level travel time spent in this place.
 C = Inter-level travel time spent in this place.
 D = Time resting spent in this place.
 E = Time spent auto-exploring this place.
 F = Levels seen in this place.
 G = Mean time per level.
                   A        B        C        D        E       F      G
               +--------+--------+--------+--------+--------+-----+--------+
         Total |   5952 |   5595 |    357 |    450 |   3551 |   8 |  744.0 |
       Dungeon |   5392 |   5035 |    357 |    305 |   3393 |   7 |  770.3 |
         Sewer |    560 |    560 |      0 |    145 |    158 |   1 |  560.0 |
               +--------+--------+--------+--------+--------+-----+--------+

Top non-repeatable levels by time:
     D:1: 1182 daAuts
     D:3: 1110 daAuts
     D:2: 945 daAuts
     D:4: 899 daAuts
     D:6: 815 daAuts
   Sewer: 560 daAuts
     D:5: 381 daAuts
     D:7: 57 daAuts
